AoeStats
← 2-ray

Black Forest

507556485Analyzed
4v4 RM · 13d ago on Sep 18, 2026· 43m 18s· 8 players
Game mode
Random Map
Map size
Large (8 player)
Population
200
Speed
Normal
Resources
Standard
Victory
Conquest
Starting age
Dark Age
Ending age
Imperial Age
RankedLock teamsTeams togetherTeam positionsShared explorationLock speedFull tech treeHidden civsTurbo modeCheats
Victory
Defeat
🇧🇷 Japanese · Brazil
1532
+14
🇨🇳 Ethiopians · China
1530
+14
🇬🇷 Byzantines · Greece
1521
+14
🇩🇪 Bohemians · Germany
1468
+15
🇫🇷 Celts · France
1490
-15
🇪🇸 Lithuanians · Spain
1479
-14
🇹🇷 Ethiopians · Türkiye
1476
-14
🇹🇷 Mongols · Türkiye
1469
-14
Jambonbeurre
10:32 Feudal Age
14:43 Castle Age
12:49 Double-Bit Axe
13:48 Horse Collar
16:29 Bow Saw
22:34 Wheelbarrow
22:54 Heavy Plow
23:12 Gold Mining
24:00 Loom
27:51 Imperial Age
25:18 Stone Mining
26:38 Gold Shaft Mining
26:37 Scale Mail Armor
27:46 Pikeman
27:54 Onager
28:59 Hand Cart
28:44 Gambesons
29:59 Chain Mail Armor
30:05 Halberdier
33:00 Man-at-Arms
34:32 Plate Mail Armor
34:12 Forging
35:17 Long Swordsman
35:38 Capped Ram
37:46 Iron Casting
38:41 Two-Handed Swordsman
42:18 Blast Furnace
livulove
12:08 Feudal Age
12:57 Double-Bit Axe
12:54 Fishing Lines
15:45 Castle Age
13:59 Horse Collar
17:09 Bow Saw
22:32 Wheelbarrow
23:34 Heavy Plow
24:47 Caravan
25:52 Hand Cart
29:23 Imperial Age
26:58 Loom
26:58 Town Watch
27:26 Fletching
27:35 Gold Mining
27:35 Stone Mining
29:20 Ballistics
29:11 Bodkin Arrow
29:17 Padded Archer Armor
29:57 Bloodlines
29:47 Husbandry
30:29 Conscription
30:17 Bracer
31:21 Chemistry
31:31 Leather Archer Armor
31:23 Thumb Ring
31:43 Parthian Tactics
31:52 Elite Mangudai
35:23 Coinage
37:25 Banking
39:47 Hoardings
41:06 Masonry
41:01 Siege Engineers
JesusVII
6:40 Loom
11:02 Feudal Age
14:38 Castle Age
12:58 Double-Bit Axe
13:41 Horse Collar
15:15 Town Watch
18:22 Bow Saw
18:58 Fervor
22:20 Gold Mining
25:10 Wheelbarrow
25:32 Heavy Plow
25:40 Scale Barding Armor
28:31 Imperial Age
26:31 Bloodlines
27:01 Chain Barding Armor
27:21 Hand Cart
27:52 Forging
27:51 Husbandry
28:01 Stone Mining
28:39 Cavalier
30:40 Plate Barding Armor
30:26 Light Cavalry
32:04 Iron Casting
32:48 Winged Hussar
35:33 Conscription
35:17 Tower Shields
36:04 Paladin
38:20 Two-Man Saw
37:54 Crop Rotation
39:02 Chemistry
37:54 Fletching
38:04 Padded Archer Armor
39:23 Bodkin Arrow
39:44 Leather Archer Armor
42:04 Hill Forts
42:36 Thumb Ring
43:41 Ring Archer Armor
DaTuRa
6:40 Loom
10:20 Feudal Age
15:43 Castle Age
14:28 Double-Bit Axe
18:16 Fishing Lines
18:52 Bow Saw
18:35 Gold Mining
22:08 Horse Collar
23:07 Gold Shaft Mining
23:16 Heavy Plow
23:07 Stone Mining
25:00 Fletching
26:23 Bodkin Arrow
27:51 Stone Shaft Mining
28:37 Wheelbarrow
32:05 Imperial Age
33:16 Conscription
34:12 Chemistry
33:26 Fortified Wall
33:37 Ballistics
33:23 Siege Engineers
33:30 Masonry
33:24 Bracer
35:11 Torsion Engines
39:58 Elite Skirmisher
41:39 Padded Archer Armor
EoK_pr1ston
0:45 Loom
10:58 Feudal Age
16:16 Castle Age
14:09 Double-Bit Axe
15:11 Town Watch
15:45 Town Watch
18:01 Wheelbarrow
17:59 Horse Collar
21:55 Bow Saw
24:03 Fishing Lines
25:04 Fletching
25:38 Gillnets
27:01 Gold Mining
27:02 Stone Mining
31:18 Imperial Age
28:47 Guard Tower
29:12 Yasama
30:02 Hand Cart
29:51 Heavy Plow
30:22 Bodkin Arrow
30:09 Treadmill Crane
31:45 Ballistics
31:52 Murder Holes
32:07 Masonry
32:05 Bracer
32:47 Keep
33:13 Chemistry
31:39 Pikeman
32:32 Squires
32:35 Scale Mail Armor
32:45 Forging
33:45 Halberdier
36:22 Arrowslits
39:10 Chain Mail Armor
40:07 Iron Casting
40:17 Caravan
41:25 Plate Mail Armor
41:42 Gambesons
43:18 Blast Furnace
白心悠哉
0:50 Loom
10:19 Feudal Age
10:26 Man-at-Arms
12:27 Double-Bit Axe
12:51 Horse Collar
15:02 Fletching
20:33 Castle Age
19:53 Wheelbarrow
21:39 Bow Saw
23:01 Hand Cart
22:47 Town Watch
26:11 Stone Mining
29:50 Ballistics
32:17 Imperial Age
29:51 Padded Archer Armor
29:48 Gold Mining
30:02 Bodkin Arrow
31:20 Leather Archer Armor
31:13 Thumb Ring
30:31 Crossbowman
32:19 Arbalester
33:06 Bracer
32:44 Arbalester
35:28 Chemistry
35:12 Conscription
35:20 Leather Archer Armor
36:33 Ring Archer Armor
36:03 Elite Skirmisher
37:03 Caravan
39:30 Two-Man Saw
39:00 Siege Engineers
42:51 Heavy Plow
SteileMouKaiTo200
11:54 Feudal Age
15:38 Castle Age
14:16 Double-Bit Axe
17:23 Bow Saw
18:13 Fishing Lines
18:26 Horse Collar
19:48 Heavy Plow
20:41 Gillnets
23:05 Wheelbarrow
22:46 Stone Mining
23:23 Gold Mining
24:01 Loom
25:25 Sanctity
25:16 Fervor
25:44 Hand Cart
26:14 Gold Shaft Mining
26:15 Stone Shaft Mining
25:39 Treadmill Crane
29:04 Imperial Age
27:19 Husbandry
27:26 Scale Barding Armor
27:41 Redemption
27:35 Fletching
28:39 Chain Barding Armor
29:00 Bodkin Arrow
29:32 Forging
31:12 Chemistry
30:33 Ballistics
30:09 Murder Holes
30:42 Illumination
30:33 Block Printing
30:54 Theocracy
29:47 Heavy Camel Rider
31:42 Plate Barding Armor
31:19 Bracer
31:54 Iron Casting
32:49 Bombard Tower
33:30 Two-Man Saw
33:26 Iron Casting
34:54 Guilds
34:46 Greek Fire
35:07 Conscription
35:16 Caravan
35:35 Cavalier
37:07 Paladin
41:29 Padded Archer Armor
42:27 Elite Skirmisher
43:12 Thumb Ring
2-ray
11:27 Feudal Age
14:54 Castle Age
12:42 Double-Bit Axe
12:56 Fishing Lines
16:27 Bow Saw
19:10 Horse Collar
19:50 Fervor
22:33 Wheelbarrow
26:28 Imperial Age
23:56 Treadmill Crane
24:05 Loom
25:11 Hand Cart
26:30 Chemistry
25:36 Heavy Plow
26:58 Scale Mail Armor
27:09 Forging
26:46 Houfnice
28:06 Scale Mail Armor
28:16 Forging
28:01 Pikeman
28:55 Squires
29:37 Wagenburg Tactics
29:42 Halberdier
30:39 Siege Engineers
31:10 Devotion
31:46 Chain Mail Armor
32:36 Conscription
32:59 Plate Mail Armor
33:04 Iron Casting
34:24 Ballistics
33:59 Fletching
34:41 Fortified Wall
36:20 Coinage
37:32 Two-Man Saw
36:26 Town Watch
38:09 Bodkin Arrow
38:15 Padded Archer Armor
38:23 Hussite Reforms
38:58 Masonry
40:30 Leather Archer Armor
43:11 Architecture
43:17 Iron Casting
42:43 Bracer
Connection lost

Rejoining the realm…

Still unreachable

The connection could not be restored.

Session expired

The server has moved on; the page needs a fresh start.